 Dungeon Crawl Stone Soup version 0.31-a0-198-g2ad674f65e (webtiles) character file.

Game seed: 5778364506649644370

403 qw the Skirmisher (level 6, -2/35 HPs)
             Began as a Deep Elf Hunter on June 25, 2023.
             Slain by a gnoll
             ... wielding a +0 flail
             ... led by a gnoll bouda
              (5 damage)
             ... on level 4 of the Dungeon.
             The game lasted 00:00:58 (2648 turns).

qw the Skirmisher (Deep Elf Hunter)                 Turns: 2648, Time: 00:00:59

Health: -2/35      AC:  5    Str: 16    XL:     6   Next: 55%
Magic:  8/8        EV: 12    Int: 14    God:
Gold:   286        SH:  0    Dex: 18    Spells: 5/5 levels left

rFire   . . .        Y - +0 shortbow (elec)
rCold   . . .        (shield currently unavailable)
rNeg    . . .        b - +0 ring mail
rPois   .            (no helmet)
rElec   .            (no cloak)
rCorr   +            (no gloves)
SInv    .            (no boots)
Will    .....        (no amulet)
Stlth   +            a - ring of resist corrosion
HPRegen 0.25/turn    g - +6 ring of strength
MPRegen 0.11/turn

%: no passive effects
@: about to teleport, weakened
A: no striking features
a: no special abilities


You were on level 4 of the Dungeon.
You visited 1 branch of the dungeon, and saw 4 of its levels.

You collected 286 gold pieces.


   Skills:
 - Level 2.0 Fighting
 + Level 10.0 Ranged Weapons
 - Level 3.0 Dodging
 - Level 1.2 Stealth


You had 5 spell levels left.
You didn't know any spells.
Your spell library was empty.

Inventory:

Hand Weapons
 Y - a +0 shortbow of electrocution (weapon)
Armour
 b - a +0 ring mail (worn)
Jewellery
 a - a ring of resist corrosion (left hand)
 c - a ring of fire
 g - a +6 ring of strength (right hand)
Scrolls
 f - a scroll of identify
Potions
 e - a potion of mutation {unknown}
 h - a potion of resistance
 i - a potion of enlightenment

Dungeon Overview and Level Annotations

Branches:
Dungeon (4/15)
 Temple: D:4-7

Altars:


Message History

The gnoll bouda barks out a call to the hunt!
The gnolls pick up the pace!
A gnoll comes into view. It is wielding a +0 flail.
You shoot an arrow. The arrow hits the gnoll!
You kill the gnoll!
Your Ranged Weapons skill increases to level 10!
You shoot an arrow. The arrow barely misses the gnoll.
The arrow closely misses the gnoll.
You shoot an arrow. The arrow hits the gnoll!
The gnoll is heavily wounded.
A gnoll comes into view. It is wielding a +0 whip.
You shoot an arrow.
The arrow hits the gnoll but does no damage.
Lightning courses through the gnoll!
You kill the gnoll!
The gnoll bouda gazes fiercely through you!
You feel your attacks grow feeble.
You hear an angry hiss.
You shoot an arrow.
The arrow hits the gnoll bouda but does no damage.
A ball python comes into view.
The gnoll closely misses you.
You shoot an arrow.
The arrow hits the gnoll bouda but does no damage.
The gnoll hits you with a +0 flail! The gnoll bouda completely misses you.
You shoot an arrow.
The arrow barely misses the gnoll bouda.
The gnoll hits you with a +0 flail!
The gnoll bouda hits you with a +0 club.
You shoot an arrow. The arrow hits the gnoll bouda.
Lightning courses through the gnoll bouda!
The gnoll bouda is severely wounded.
The gnoll hits you with a +0 flail!
The gnoll bouda hits you with a +0 club.
The gnoll hits you but does no damage.
2648 ||| READING scroll of teleportation.
As you read the scroll of teleportation, it crumbles to dust.
You feel strangely unstable. The gnoll hits you with a +0 flail.
You die...

#....###.#..###.#
.##........# #^#
#........#.####.#
########........#
###.###### #.#
#.# #.# #@#
#...).ggg.....#
#.##.#S..##.#..
.. ..... #.#
##...## # ##.##
#.# ..#


You could see a gnoll bouda, 2 gnolls and a ball python.

Vanquished Creatures
  Sigmund (D:2)
  A hound (D:3)
  An orc priest (D:2)
  An orc wizard (D:2)
  6 gnolls
  3 adders
  A worm (D:2)
  4 dart slugs
  3 orcs
  7 bats
  6 endoplasms
  A giant cockroach (D:3)
  8 hobgoblins
  4 jackals (D:1)
  A quokka (D:3)
  10 ball pythons
  5 frilled lizards
  5 goblins
  2 kobolds
  4 rats
74 creatures vanquished.

Notes
Turn   | Place    | Note
-------+----------+-------------------------------------------
     0 | D:1      | qw the Deep Elf Hunter began the quest for the Orb.
     0 | D:1      | Reached XP level 1. HP: 12/12 MP: 3/3
     0 | D:1      | 0 ||| qw: Version: 0.3-a-22-g0ed2b0b
     0 | D:1      | 0 ||| qw: Game counter: 5169
     0 | D:1      | 0 ||| qw: Melee chars always use a shield: true
     0 | D:1      | 0 ||| qw: God list: Okawaru
     0 | D:1      | 0 ||| qw: Allow faded altars: false
     0 | D:1      | 0 ||| qw: Do Orc after clearing Dungeon:15 true
     0 | D:1      | 0 ||| qw: Do second Lair branch before Depths: true
     0 | D:1      | 0 ||| qw: Lair rune preference: random
     0 | D:1      | 0 ||| qw: Goals: Normal
     0 | D:1      | 0 ||| PLANNING D:1-11
    24 | D:1      | HP: 3/12 [jackal (3)]
    69 | D:1      | Reached XP level 2. HP: 16/16 MP: 4/4
   118 | D:1      | Reached skill level 6 in Ranged Weapons
   558 | D:1      | 558 ||| READING scroll labelled JIP OPUIZE.
   559 | D:1      | 559 ||| READING 2 scrolls labelled GUIHOI QILA.
   560 | D:1      | 560 ||| READING scroll labelled RIGIXY PASCH.
   561 | D:1      | 561 ||| DROPPING scroll of butterflies.
   590 | D:2      | Reached XP level 3. HP: 20/20 MP: 5/5
   680 | D:2      | 680 ||| Stepping ~*~*~tactically~*~*~ (outnumbered).
   682 | D:2      | 682 ||| Stepping ~*~*~tactically~*~*~ (outnumbered).
   689 | D:2      | Reached skill level 7 in Ranged Weapons
   692 | D:2      | Reached XP level 4. HP: 15/25 MP: 6/6
   693 | D:2      | 693 ||| FLEEEEING.
   694 | D:2      | 694 ||| FLEEEEING.
   695 | D:2      | 695 ||| FLEEEEING.
   696 | D:2      | 696 ||| FLEEEEING.
   697 | D:2      | 697 ||| FLEEEEING.
   698 | D:2      | 698 ||| FLEEEEING.
   699 | D:2      | 699 ||| FLEEEEING.
   700 | D:2      | 700 ||| FLEEEEING.
   701 | D:2      | 701 ||| FLEEEEING.
   702 | D:2      | 702 ||| FLEEEEING.
   703 | D:2      | 703 ||| FLEEEEING.
   704 | D:2      | 704 ||| FLEEEEING.
   705 | D:2      | 705 ||| FLEEEEING.
   706 | D:2      | 706 ||| FLEEEEING.
   707 | D:2      | 707 ||| FLEEEEING.
   708 | D:2      | 708 ||| FLEEEEING.
   709 | D:2      | 709 ||| FLEEEEING.
   710 | D:2      | 710 ||| FLEEEEING.
   711 | D:2      | 711 ||| FLEEEEING.
   712 | D:2      | 712 ||| FLEEEEING.
   713 | D:2      | 713 ||| FLEEEEING.
   714 | D:2      | 714 ||| FLEEEEING.
   715 | D:2      | 715 ||| FLEEEEING.
   716 | D:2      | 716 ||| FLEEEEING.
   717 | D:2      | 717 ||| FLEEEEING.
   718 | D:2      | 718 ||| FLEEEEING.
   719 | D:2      | 719 ||| FLEEEEING.
   720 | D:2      | 720 ||| FLEEEEING.
   721 | D:2      | 721 ||| FLEEEEING.
   722 | D:2      | 722 ||| FLEEEEING.
   723 | D:2      | 723 ||| FLEEEEING.
   724 | D:2      | 724 ||| FLEEEEING.
   766 | D:2      | Noticed Sigmund
   778 | D:2      | HP: 2/25 [Sigmund/+0 scythe (9)]
   779 | D:2      | Killed Sigmund
   780 | D:2      | Reached skill level 9 in Ranged Weapons
   780 | D:2      | Reached XP level 5. HP: 2/29 MP: 7/7
  1201 | D:2      | Reached XP level 6. HP: 34/34 MP: 8/8
  1208 | D:2      | Reached skill level 3 in Dodging
  1212 | D:2      | HP: 8/34 [gnoll/+0 flail (12)]
  1460 | D:2      | 1460 ||| UPGRADING to +2 robe of willpower.
  1470 | D:2      | 1470 ||| UPGRADING to +0 ring mail.
  1480 | D:2      | 1480 ||| DROPPING +2 robe of willpower.
  1481 | D:2      | 1481 ||| DROPPING +0 leather armour.
  1482 | D:2      | 1482 ||| READING 2 scrolls labelled VOKEXO NECWO.
  1483 | D:2      | 1483 ||| READING scroll labelled DOPLIP RARUO.
  1484 | D:2      | 1484 ||| READING 2 scrolls of identify.
  1484 | D:2      | 1484 ||| IDENTIFYING murky sapphire potion
  1485 | D:2      | 1485 ||| DROPPING potion of attraction.
  1486 | D:2      | 1486 ||| DROPPING scroll of fog.
  2135 | D:3      | Found a faded altar of an unknown god.
  2281 | D:3      | 2281 ||| UPGRADING to ring of resist corrosion.
  2282 | D:3      | 2282 ||| UPGRADING to +6 ring of strength.
  2283 | D:3      | 2283 ||| READING 2 scrolls labelled XIEKKA LAMIAV.
  2286 | D:3      | 2286 ||| DRINKING 2 bubbling orange potions.
  2287 | D:3      | 2287 ||| DRINKING 2 puce potions.
  2288 | D:3      | 2288 ||| READING 2 scrolls of identify.
  2288 | D:3      | 2288 ||| IDENTIFYING fuming puce potion
  2289 | D:3      | 2289 ||| DROPPING potion of lignification.
  2641 | D:4      | Reached skill level 10 in Ranged Weapons
  2647 | D:4      | HP: 6/35 [gnoll/+0 flail[a gnoll bouda] (8)]
  2648 | D:4      | 2648 ||| READING scroll of teleportation.
  2648 | D:4      | Slain by a gnoll

Levels and vault maps discovered:
D:1:      grunt_arrival_crossed_arrows, layout_basic
D:2:      layout_loops_ring, serial_bayou_crossing, uniq_sigmund
D:3:      wad_river_or_something, layout_loops_cross,
          shapermc_ecumenical_altar_mp_vishouse
D:4:      layout_loops_corners, minmay_temple_entry_gardened_gates

Skill      XL: |  1  2  3  4  5  6 |
---------------+-------------------+-----
Ranged Weapons | 6 7 9 10 | 10.0
Dodging        | 3 |  3.0
Fighting       | 2 |  2.0
Stealth        | |  1.2

Action                     |  1- 3 |  4- 6 || total
---------------------------+-------+-------++-------
   Fire: Shortbow          |    79 |   115 ||   194
    Use: Scroll            |     3 |     6 ||     9
         Potion            |       |     2 ||     2
 Armour: Leather armour    |    12 |     6 ||    18
         Ring mail         |       |     4 ||     4
  Dodge: Dodged            |    28 |    10 ||    38

Table legend:
 A = Non-vault XP
 B = Vault XP
 C = Vault XP percentage of total XP
 D = Non-vault monster count
 E = Vault monster count
 F = Vault count percentage of total count
                 A         B        C        D         E       F
            +---------+---------+-------+---------+---------+-------
      Total |     331 |     245 |  42.5 |      64 |      10 |  13.5
            +---------+---------+-------+---------+---------+-------
        D:1 |      37 |       0 |   0.0 |      21 |       0 |   0.0
        D:2 |     184 |     214 |  53.8 |      25 |       1 |   3.8
        D:3 |      55 |      31 |  36.0 |       8 |       9 |  52.9
        D:4 |      55 |       0 |   0.0 |      10 |       0 |   0.0
            +---------+---------+-------+---------+---------+-------
